Map: Abyssal Reef LE

Players

TLO - Winner!

  • Race: Zerg Zerg
  • Spawn Location: 11:00

AlienViruz

  • Race: Terran Terran
  • Spawn Location: 5:00

Event: WCS Montreal 2017

VOD

Have the link to the VOD?

Description

Time

  • Played on: Sept. 8, 2017, 11:28 a.m.
  • Length: 7:57

All games in this series

Show
View Real Time Build Order
Export as new Build Order

TLO Zerg - Winner!

Build Orders: Hatch First 

Get SALT Encoding   

  12  0:00  Drone  
  13  0:13  Overlord  
  13  0:18  Drone  
  14  0:31  Drone x2  
  16  0:38  Drone  
  17  0:53  Hatchery  
  17  0:56  Drone  
  17  0:59  Drone  
  17  1:02  Extractor  
  17  1:15  Spawning Pool  
  16  1:20  Drone  
  16  1:21  Drone  
  18  1:29  Drone  
  19  1:41  Overlord  
  19  2:01  Queen  
  19  2:02  Zergling x4  
  19  2:03  Metabolic Boost  
  19  2:06  Queen  
  25  2:09  Drone  
  25  2:13  Drone  
  27  2:18  Drone  
  28  2:26  Drone  
  28  2:27  Drone  
  30  2:34  Overlord  
  30  2:37  Queen  
  30  2:38  Drone  
  33  2:45  Extractor  
  33  2:46  Drone  
  33  2:48  Queen  
  36  2:53  Overlord  
  36  2:55  Drone  
  37  2:59  Drone  
  37  3:05  Drone  
  39  3:12  Drone  
  39  3:13  Drone  
  39  3:15  Drone  
  39  3:16  Drone  
  39  3:19  Drone  
  43  3:22  Drone  
  43  3:23  Baneling Nest, Drone x2  
  43  3:24  Drone  
  46  3:28  Extractor  
  46  3:31  Overlord  
  45  3:41  Hatchery  
  45  3:44  Zergling x2  
  45  3:47  Overlord  
  45  3:50  Drone x2  
  45  3:54  Drone  
  48  3:56  Evolution Chamber  
  48  3:58  Zergling x2  
  48  3:59  Zergling x2  
  48  4:01  Zergling x2  
  50  4:03  Zergling x2  
  50  4:04  Zergling x2  
  50  4:09  Zergling x2  
  53  4:11  Zergling x2  
  54  4:18  Baneling x6  
  54  4:20  Zergling x8  
  58  4:24  Zergling x2  
  59  4:33  Overlord  
  59  4:36  Zergling x4  
  59  4:37  Zergling x4  
  63  4:41  Zerg Ground Armor Level 1  
  63  4:45  Evolution Chamber  
  61  4:47  Zergling x2  
  61  4:48  Zergling x2  
  61  4:49  Drone  
  61  4:50  Overlord  
  61  4:51  Drone  
  65  4:54  Zergling x2  
  65  4:55  Queen  
  65  4:57  Zergling x2  
  69  5:00  Zergling x2  
  69  5:04  Drone  
  71  5:08  Drone x2  
  71  5:13  Zerg Melee Weapons Level 1  
  73  5:17  Spore Crawler, Drone  
  73  5:19  Overlord  
  73  5:20  Zergling x2  
  74  5:22  Overlord  
  74  5:24  Overlord  
  74  5:26  Zergling x2  
  74  5:28  Zergling x2  
  76  5:29  Zergling x2  
  76  5:31  Drone  
  76  5:33  Overlord  
  78  5:41  Overlord  
  78  5:42  Zergling x2  
  79  5:44  Zergling x2  
  79  5:48  Zergling x2  
  79  5:49  Lair  
  81  5:54  Overlord  
  81  5:57  Zergling x2  
  81  5:58  Zergling x10  
  81  6:03  Zergling x2  
  81  6:04  Zergling x6  
  91  6:06  Zergling x2  
  91  6:08  Drone  
  91  6:12  Drone x2  
  91  6:14  Drone  
  91  6:15  Drone  
  95  6:18  Extractor  
  95  6:19  Extractor  
  95  6:22  Zergling x2  
  95  6:25  Zergling x4  
  96  6:27  Drone x2  
  96  6:30  Drone  
  96  6:31  Pneumatized Carapace  
  96  6:32  Zergling x4  
  101  6:33  Zergling x2  
  101  6:36  Drone  
  101  6:38  Drone x2  
  105  6:41  Baneling x2  
  105  6:42  Baneling x6  
  105  6:43  Drone  
  105  6:46  Drone  
  105  6:47  Drone  
  108  6:53  Drone  
  109  6:55  Drone x2  
  109  6:58  Drone, Zergling x2  
  109  6:59  Extractor  
  112  7:02  Zergling x2  
  112  7:05  Zergling x2  
  112  7:06  Zergling x2  
  112  7:07  Zergling x2  
  116  7:09  Overlord  
  116  7:15  Overlord  
  116  7:19  Zergling x12  
  120  7:25  Zergling x2  
  120  7:27  Zergling x4  
  120  7:28  Zergling x2, Baneling x11  
  117  7:30  Zergling x2  
  117  7:32  Zergling x2  
  117  7:34  Zergling x2  
  117  7:35  Zergling x4  
  120  7:40  Zergling x4  
Show
View Real Time Build Order
Export as new Build Order

AlienViruz Terran 

Build Orders:  

Get SALT Encoding   

  12  0:01  SCV  
  13  0:13  SCV  
  14  0:17  Supply Depot  
  14  0:25  SCV  
  15  0:39  SCV  
  15  0:40  Barracks  
  16  0:48  Refinery  
  16  0:51  SCV  
  17  1:03  SCV  
  18  1:15  SCV  
  19  1:18  Refinery  
  19  1:28  Supply Depot  
  19  1:34  Reaper  
  19  1:38  SCV  
  21  1:44  Barracks  
  21  1:50  SCV  
  22  2:01  Factory  
  22  2:08  Marine  
  22  2:14  Orbital Command  
  23  2:26  Marine  
  24  2:44  Marine  
  25  2:57  Barracks Reactor  
  25  2:58  Factory Tech Lab  
  25  2:59  SCV  
  25  3:02  Marine  
  25  3:03  Starport  
  25  3:05  Engineering Bay  
  27  3:18  SCV  
  27  3:19  Marine  
  29  3:30  SCV  
  30  3:35  Supply Depot  
  30  3:39  Siege Tank, Marine x2  
  35  3:42  SCV  
  35  3:48  Barracks Tech Lab  
  36  3:49  Medivac  
  36  3:51  Terran Infantry Weapons Level 1  
  37  3:59  SCV  
  37  4:01  Marine x2  
  40  4:16  Siege Tank  
  43  4:19  Marine x2  
  43  4:20  Stimpack  
  45  4:29  Marine  
  46  4:37  Marine  
  47  5:30  Marine  
  47  5:33  Marine  
  47  5:34  SCV  
  47  5:40  Marine  
  47  5:41  Medivac, Hellion  
  45  5:46  Terran Infantry Armor Level 1, SCV  
  45  5:48  Supply Depot, Marine  
  45  5:49  Command Center  
  47  5:50  Marine  
  48  5:58  Marine  
  48  6:02  Siege Tank  
  52  6:06  Marine  
  52  6:08  Marine  
  52  6:11  Medivac  
  55  6:16  Marine  
  56  6:24  Marine  
  57  6:26  Marine  
  58  6:34  Siege Tank, Marine  
  58  6:36  Armory  
  62  6:42  Marine  
  63  6:49  Medivac, Marine  
  63  6:52  Marine  
  67  7:01  Starport  
  67  7:10  Marine  
  68  7:20  SCV  
  50  7:32  SCV  
Tags
 
Add a new tag
Caveats
  • Supply blocks, unpowered buildings, or Contaminate may cause inaccurate times.
  • Supply counts are checked every 10 seconds.